 Dungeon Crawl Stone Soup version 0.31-a0-188-g5e087ee2ca (webtiles) character file.

Game seed: 13924548210363795110

184 qw the Skirmisher (level 5, -1/29 HPs)
             Began as a Deep Elf Hunter on June 23, 2023.
             Slain by Sigmund
             ... wielding a +0 scythe
              (9 damage)
             ... on level 4 of the Dungeon.
             The game lasted 00:00:51 (2513 turns).

qw the Skirmisher (Deep Elf Hunter)                 Turns: 2513, Time: 00:00:52

Health: -1/29      AC:  7    Str: 10    XL:     5   Next: 36%
Magic:  7/7        EV: 12    Int: 14    God:
Gold:   135        SH:  0    Dex: 24    Spells: 4/4 levels left

rFire   . . .        f - +1 shortbow (heavy)
rCold   . . .        (shield currently unavailable)
rNeg    . . .        h - +0 ring mail
rPois   .            (no helmet)
rElec   .            (no cloak)
rCorr   .            (no gloves)
SInv    .            e - +1 pair of boots
Will    .....        (no amulet)
Stlth   ++           a - +6 ring of dexterity
HPRegen 0.24/turn    (no ring)
MPRegen 0.10/turn

%: no passive effects
@: no status effects
A: no striking features
a: no special abilities


You were on level 4 of the Dungeon.
You visited 1 branch of the dungeon, and saw 4 of its levels.

You collected 135 gold pieces.


   Skills:
 - Level 1.5 Fighting
 + Level 8.5 Ranged Weapons
 - Level 3.2 Dodging
 - Level 1.2 Stealth


You had 4 spell levels left.
You didn't know any spells.
Your spell library was empty.

Inventory:

Hand Weapons
 f - a +1 heavy shortbow (weapon)
Armour
 e - a +1 pair of boots (worn)
 h - a +0 ring mail (worn)
Jewellery
 a - a +6 ring of dexterity (left hand)
Scrolls
 b - 6 scrolls of teleportation
 i - a scroll of blinking {unknown}
 Y - 2 scrolls of identify
Potions
 c - a potion of berserk rage {unknown}
 d - a potion of mutation {unknown}
 g - a potion of haste

Dungeon Overview and Level Annotations

Branches:
Dungeon (4/15)
 Temple: D:4-7

Altars:
Fedhas
Sif Muna
Xom

Annotations:
D:4 Sigmund


Message History

The adder is severely wounded.
The adder bites you but does no damage. x2
You shoot an arrow. The arrow hits the adder!
You kill the adder!
There is an open door here.
You open the door.
Sigmund and a kobold come into view.
Enter note:
Enter note:
Enter note:
Enter note:
2503 ||| Stepping ~*~*~tactically~*~*~ (outnumbered).
The kobold throws a stone.
The stone hits you but does no damage.
2505 ||| Stepping ~*~*~tactically~*~*~ (outnumbered).
You shoot an arrow.
The arrow hits the kobold but does no damage.
The kobold throws a stone.
The stone completely misses you.
The kobold throws a stone.
The stone barely misses you.
You shoot an arrow. The arrow hits the kobold.
The kobold is moderately wounded.
The kobold throws a stone.
The stone hits you but does no damage.
You shoot an arrow. The arrow closely misses the kobold.
Sigmund gestures wildly while chanting.
Sigmund flickers and vanishes!
Deactivating autopickup; reactivate with Ctrl-A.
The kobold hits you with a +0 whip.
You shoot an arrow. The arrow barely misses the kobold.
The kobold barely misses you. Something hits you.
You shoot an arrow. The arrow barely misses the kobold.
The kobold closely misses you. Something hits you.
The kobold closely misses you.
You shoot an arrow. The arrow closely misses the kobold.
The kobold hits you with a +0 whip. Something hits you. The kobold misses you.
You shoot an arrow. The arrow hits the kobold.
The kobold is heavily wounded.
Something hits you! The kobold closely misses you.
You shoot an arrow. The arrow hits the kobold.
You kill the kobold!
Something hits you!
You die...

#>....# ##...## #...##
#...# #...#### ####
#......## #..
#.......## #.###+ #+##
#....##..###%#..# .....
#...####.....#@)#.@....
#.#.##...##..'..{#
###.##.......#..#.+
#.#......#...#..# #
#.#.#....##..+##+
#.#.#..#.....#
#......#...#.#
#......##.##.+
#.....#.#.####


There were no monsters in sight!

Vanquished Creatures
  A hound (D:4)
  An orc wizard (D:3)
  6 adders
  3 worms (D:2)
  5 orcs
  3 ball pythons
  3 endoplasms
  3 giant cockroaches
  6 goblins
  5 hobgoblins
  5 jackals
  2 quokkas
  9 bats
  2 frilled lizards (D:2)
  7 kobolds
  3 rats
64 creatures vanquished.

Notes
Turn   | Place    | Note
-------+----------+-------------------------------------------
     0 | D:1      | qw the Deep Elf Hunter began the quest for the Orb.
     0 | D:1      | Reached XP level 1. HP: 12/12 MP: 3/3
     0 | D:1      | 0 ||| qw: Version: 0.3-a-9-g12657ce
     0 | D:1      | 0 ||| qw: Game counter: 3645
     0 | D:1      | 0 ||| qw: Always use a shield: true
     0 | D:1      | 0 ||| qw: God list: Okawaru
     0 | D:1      | 0 ||| qw: Allow faded altars: false
     0 | D:1      | 0 ||| qw: Do Orc after D:15 true
     0 | D:1      | 0 ||| qw: Do second Lair branch before Depths: true
     0 | D:1      | 0 ||| qw: Lair rune preference: random
     0 | D:1      | 0 ||| qw: Plans: Normal
     0 | D:1      | 0 ||| PLANNING D:1-11
   181 | D:1      | Reached skill level 6 in Ranged Weapons
   181 | D:1      | Reached XP level 2. HP: 16/16 MP: 4/4
   574 | D:1      | 574 ||| UPGRADING to +0 ring mail.
   584 | D:1      | 584 ||| DROPPING +0 leather armour.
   585 | D:1      | 585 ||| DROPPING ring of magical power.
   586 | D:1      | 586 ||| READING scroll labelled HASSUM VAKOEKI.
   589 | D:1      | 589 ||| READING scroll labelled PUTIEVUNEI.
   590 | D:1      | 590 ||| READING scroll labelled KIAREFYSOY.
   591 | D:1      | 591 ||| DROPPING scroll of butterflies.
   718 | D:2      | Found a shimmering altar of Xom.
   964 | D:2      | Reached XP level 3. HP: 20/20 MP: 5/5
  1013 | D:2      | Reached skill level 7 in Ranged Weapons
  1113 | D:2      | Reached XP level 4. HP: 22/25 MP: 6/6
  1244 | D:2      | 1244 ||| UPGRADING to +1 pair of boots.
  1249 | D:2      | 1249 ||| READING scroll labelled QOLAIM FOMO.
  1350 | D:2      | 1350 ||| READING scroll labelled QOUGGU QAIVUGA.
  1351 | D:2      | 1351 ||| READING 2 scrolls labelled BEAREUL VUAPN.
  1352 | D:2      | 1352 ||| DRINKING 2 fizzy clear potions.
  1396 | D:3      | Found a blossoming altar of Fedhas.
  1462 | D:3      | Reached skill level 8 in Ranged Weapons
  1516 | D:3      | Found a shimmering blue altar of Sif Muna.
  2032 | D:3      | Reached XP level 5. HP: 29/29 MP: 7/7
  2283 | D:3      | 2283 ||| UPGRADING to +6 ring of dexterity.
  2354 | D:4      | Reached skill level 3 in Dodging
  2502 | D:4      | Noticed Sigmund
  2503 | D:4      | 2503 ||| Stepping ~*~*~tactically~*~*~ (outnumbered).
  2505 | D:4      | 2505 ||| Stepping ~*~*~tactically~*~*~ (outnumbered).
  2513 | D:4      | Slain by Sigmund

Levels and vault maps discovered:
D:1:      dpeg_arrival_water_fire, layout_basic, minmay_misc_feat_square
D:2:      kennysheep_six_static_rooms, layout_loops_ring, basic_altar
D:3:      layout_loops_corners, nicolae_overflow_crystal_walls,
          lemuel_blue_sif_altar, feat_on_display
D:4:      layout_cave_pools, mainiacjoe_overflow_24_doors,
          mainiacjoe_overflow_alcove_2, minivault_11, roderic_roman_lattice,
          chequers_mini_garden, minivault_5, uniq_sigmund

Skill      XL: |  1  2  3  4  5 |
---------------+----------------+-----
Ranged Weapons | 6 7 8 |  8.5
Dodging        | 3 |  3.2
Fighting       | |  1.5
Stealth        | |  1.2

Action                     |  1- 3 |  4- 6 || total
---------------------------+-------+-------++-------
   Fire: Shortbow          |    82 |    98 ||   180
    Use: Scroll            |     3 |     3 ||     6
         Potion            |       |     1 ||     1
 Armour: Ring mail         |    13 |    33 ||    46
  Dodge: Dodged            |    14 |    38 ||    52

Table legend:
 A = Non-vault XP
 B = Vault XP
 C = Vault XP percentage of total XP
 D = Non-vault monster count
 E = Vault monster count
 F = Vault count percentage of total count
                 A         B        C        D         E       F
            +---------+---------+-------+---------+---------+-------
      Total |     256 |       9 |   3.4 |      58 |       6 |   9.4
            +---------+---------+-------+---------+---------+-------
        D:1 |      27 |       0 |   0.0 |      15 |       0 |   0.0
        D:2 |      77 |       9 |  10.5 |      21 |       6 |  22.2
        D:3 |      85 |       0 |   0.0 |      15 |       0 |   0.0
        D:4 |      67 |       0 |   0.0 |       7 |       0 |   0.0
            +---------+---------+-------+---------+---------+-------
